 Dungeon Crawl Stone Soup version 0.26-a0-661-g406de6ba63 (webtiles) character file.

Game seed: 10341320175261701519

18 Lavandula the Gusty (level 2, 0/19 HPs)
             Began as a Demonspawn Air Elementalist on Oct 9, 2020.
             Slain by a leopard gecko (4 damage)
             ... on level 1 of the Dungeon.
             The game lasted 00:02:07 (894 turns).

Lavandula the Gusty (Demonspawn Air Elementalist)    Turns: 894, Time: 00:02:08

Health: 0/19       AC:  2    Str:  8    XL:     2   Next: 51%
Magic:  1/5        EV: 12    Int: 16    God:
Gold:   36         SH:  0    Dex: 13    Spells: 2/5 levels left

rFire    . . .     SeeInvis .   e - +0 short sword (vamp)
rCold    . . .     Faith    .   (no shield)
rNeg     . . .     Spirit   .   a - +0 robe
rPois    .         Reflect  .   (no helmet)
rElec    .         Harm     .   (no cloak)
rCorr    .         Rampage  .   (no gloves)
MR       .....                  (no boots)
Stlth    ++........             (no amulet)
HPRegen  0.06/turn              (no ring)
MPRegen  0.09/turn              (no ring)

@: no status effects
A: rot immunity
a: no special abilities


You were on level 1 of the Dungeon.
You visited 1 branch of the dungeon, and saw 1 of its levels.

You collected 36 gold pieces.

Inventory:

Hand Weapons
 c - a +0 dagger
 e - a +0 vampiric short sword (weapon)
Armour
 a - a +0 robe (worn)
 d - a +0 buckler
Jewellery
 b - an uncursed amulet of the acrobat {unknown}
Potions
 f - 2 potions of invisibility {unknown}
 g - a potion of curing {unknown}
 h - a potion of flight {unknown}


   Skills:
 - Level 1.7 Dodging
 - Level 1.7 Stealth
 - Level 2.0 Spellcasting
 + Level 2.6 Conjurations
 - Level 2.6 Air Magic


You had 2 spell levels left.
You knew the following spells:

 Your Spells              Type           Power        Failure   Level
a - Shock                 Conj/Air       ##..         7%          1
b - Swiftness             Air            ##......     11%         2

Your spell library contained the following spells:

 Spells                   Type           Power        Failure   Level
 Static Discharge         Conj/Air       ##......     22%         3
 Airstrike                Air            ##........   56%         4
 Lightning Bolt           Conj/Air       ##........   89%         5


Dungeon Overview and Level Annotations

Branches:
Dungeon (1/15)

Altars:


Innate Abilities, Weirdness & Mutations

You are immune to rotting.


Message History

Press: ? - help, Shift-Dir - straight line The zap hits the leopard gecko.
The leopard gecko is heavily wounded.
The zap misses the leopard gecko.
The leopard gecko bites you.
* * * LOW HITPOINT WARNING * * *
Unknown command.
Casting: Shock (safe; 7% risk of failure)
Confirm with . or Enter, or press ? or * to list all spells.
Aiming: Shock (safe; 7% risk of failure)
Press: ? - help, Shift-Dir - straight line The zap misses the leopard gecko. x2
The leopard gecko bites you but does no damage.
Casting: Shock (safe; 7% risk of failure)
Confirm with . or Enter, or press ? or * to list all spells.
Aiming: Shock (safe; 7% risk of failure)
Press: ? - help, Shift-Dir - straight line The zap misses the leopard gecko.
The zap hits the leopard gecko.
The leopard gecko is almost dead.
The leopard gecko bites you.
You die...

................#...#.........###
....................'.........(..
................#...#.#######.###
..............).#...#.# ###.###
..#############.#...#.# #......
..# #†#...#.# #.##.## ### ###
#.#####.# ##...... #.####l#####.#
#....... #......@.....# #..⌠....
#.##.######### #....... #.##.#
#...><.∩ #.##.# ##.......
##.##.## #...⌠.... #......#
##........
#......#########.........
#......'.......†.########
#......#########.#


You could see a leopard gecko.

Vanquished Creatures
  A ball python (D:1)
  2 giant cockroaches (D:1)
  4 goblins (D:1)
  A hobgoblin (D:1)
  2 jackals (D:1)
  A kobold (D:1)
  3 bats (D:1)
  A frilled lizard (D:1)
15 creatures vanquished.

Notes
Turn   | Place    | Note
-------+----------+-------------------------------------------
     0 | D:1      | Lavandula the Demonspawn Air Elementalist began the quest
                  | for the Orb.
     0 | D:1      | Reached XP level 1. HP: 13/13 MP: 3/3
   414 | D:1      | Gained mutation: You are immune to rotting. [demonic
                  | ancestry]
   414 | D:1      | Reached XP level 2. HP: 13/19 MP: 1/5
   557 | D:1      | Learned a level 2 spell: Swiftness
   894 | D:1      | Slain by a leopard gecko

Illustrated notes

Levels and vault maps discovered:
D:1:      wander_arrival_desolate, layout_basic

Skill      XL: |  1 |
---------------+----+-----
Conjurations   | 2 |  2.6
Dodging        | |  1.7
Stealth        | |  1.7
Spellcasting   | |  2.0
Air Magic      | |  2.6

Action                   || total
-------------------------++-------
Melee: Dagger            ||     5
       Short sword       ||    25
       Unarmed           ||     1
 Cast: Shock             ||    20
 Stab: Sleeping          ||     1
Armor: Robe              ||     7
Dodge: Dodged            ||    30

Table legend: (Time is in decaauts)
 A = Elapsed time spent in this place.
 B = Non-inter-level travel time spent in this place.
 C = Inter-level travel time spent in this place.
 D = Time resting spent in this place.
 E = Time spent auto-exploring this place.
 F = Levels seen in this place.
 G = Mean time per level.
                   A        B        C        D        E       F      G
               +--------+--------+--------+--------+--------+-----+--------+
         Total |    895 |    895 |      0 |     49 |    664 |   1 |  895.0 |
       Dungeon |    895 |    895 |      0 |     49 |    664 |   1 |  895.0 |
               +--------+--------+--------+--------+--------+-----+--------+

Top non-repeatable levels by time:
     D:1: 895 daAuts
